AoeStats
← MINK

Arena

508704953Analyzed
1v1 RM · 10d ago on Sep 23, 2026· 45m 36s· 2 players
Game mode
Random Map
Map size
Tiny (2 player)
Population
200
Speed
Normal
Resources
Standard
Victory
Conquest
Starting age
Dark Age
Ending age
Imperial Age
RankedLock teamsTeams togetherTeam positionsShared explorationLock speedFull tech treeHidden civsTurbo modeCheats
Victory
Defeat
🇨🇴 Ethiopians · Colombia
1046
+17
🇳🇱 Spanish · Netherlands
1071
-17
Snowgrass Kingdom
10:36 Feudal Age
14:59 Castle Age
13:26 Double-Bit Axe
13:29 Horse Collar
15:52 Fletching
17:12 Crossbowman
21:04 Loom
23:10 Town Watch
24:55 Town Patrol
25:57 Thumb Ring
25:51 Bodkin Arrow
27:18 Thumb Ring
28:17 Scale Mail Armor
28:28 Forging
40:15 Gold Mining
43:46 Imperial Age
41:59 Squires
MINK
10:00 Feudal Age
13:40 Castle Age
11:47 Double-Bit Axe
12:48 Loom
26:23 Bloodlines
27:19 Scale Barding Armor
28:55 Elite Skirmisher
30:20 Wheelbarrow
29:31 Town Watch
30:12 Bow Saw
29:54 Gold Mining
32:32 Fletching
32:43 Padded Archer Armor
32:39 Light Cavalry
33:20 Husbandry
34:00 Bodkin Arrow
39:13 Chain Barding Armor
Connection lost

Rejoining the realm…

Still unreachable

The connection could not be restored.

Session expired

The server has moved on; the page needs a fresh start.